 Dungeon Crawl Stone Soup version 0.21.1-1-g345015fe64 (webtiles) character file.

277 Gargoyl the Skirmisher (level 6, 0/52 HPs)
             Began as a Centaur Abyssal Knight on June 25, 2018.
             Was a Believer of Lugonu.
             Slain by an ice beast (10 damage)
             ... on level 4 of the Dungeon.
             The game lasted 00:05:57 (3742 turns).

Gargoyl the Skirmisher (Centaur Abyssal Knight)     Turns: 3742, Time: 00:05:58

Health: 0/52       AC: 10    Str: 15    XL:     6   Next: 4%
Magic:  8/8        EV:  2    Int: 11    God:    Lugonu [**....]
Gold:   151        SH:  0    Dex: 10    Spells: 5/5 levels left

rFire    . . .     SeeInvis .   a - +1 hand axe
rCold    . . .     Gourm    .   (no shield)
rNeg     . . .     Faith    .   e - +0 plate armour
rPois    +         Spirit   .   (no helmet)
rElec    .         Reflect  .   h - +0 cloak
rCorr    .         Harm     .   (no gloves)
MR       .....                  (no barding)
Stlth    ..........             (no amulet)
HPRegen  0.17/turn              m - ring of poison resistance
MPRegen  0.11/turn              (no ring)

@: very quick
A: large, hooves 3, deformed body, speed 2, tough skin 3
a: Depart the Abyss, Bend Space, Renounce Religion


You were on level 4 of the Dungeon.
You worshipped Lugonu.
Lugonu was pleased with you.
You were hungry.

You visited 1 branch of the dungeon, and saw 4 of its levels.
You visited the Abyss 1 time.

You collected 151 gold pieces.

Inventory:

Hand Weapons
 a - a +1 hand axe (weapon)
Armour
 e - a +0 plate armour (worn)
 h - a +0 cloak (worn)
Jewellery
 m - a ring of poison resistance (left hand)
Wands
 j - a wand of scattershot (4)
Scrolls
 b - a scroll of magic mapping {unknown}
 f - 3 scrolls of remove curse
 g - 2 scrolls of teleportation
 l - a scroll of identify
Potions
 i - a potion of lignification {unknown}
 k - 2 potions of mutation {unknown}
 n - a potion of brilliance {unknown}
Comestibles
 c - 5 rations


   Skills:
 + Level 3.6 Fighting
 + Level 2.9 Axes
 * Level 3.3 Armour
 + Level 0.7 Dodging
 * Level 1.8 Unarmed Combat
 * Level 2.8 Invocations


You had 5 spell levels left.
You didn't know any spells.

Dungeon Overview and Level Annotations

Branches:
Dungeon (4/15)
 Temple: D:4-7

Altars:
Hepliaklqana
Nemelex Xobeh
Uskayaw


Innate Abilities, Weirdness & Mutations

You have hooves in place of feet.
Armour fits poorly on your strangely shaped body.
You cover ground very quickly.
You have extremely tough skin. (AC +3)


Message History

You open the door.
There is an open door here.
Okay, then.
Throwing (i - inventory):
d - 2 javelins (quivered)
Press: ? - help, Shift-Dir - straight line, f/p - ice beast
Aim: an ice beast (almost dead)
You throw a javelin.
The javelin closely misses the ice beast.
Throwing (i - inventory):
d - a javelin (quivered)
Press: ? - help, Shift-Dir - straight line, f/p - ice beast
Aim: an ice beast (almost dead)
You throw a javelin.
The javelin closely misses the ice beast.
Okay, then.
You hit the ice beast but do no damage.
The ice beast is severely wounded.
The ice beast hits you.
* * * LOW HITPOINT WARNING * * *
The ice beast freezes you!
You die...

#.# # #########.# #.#
#.........#####.#
#.######........# #.#
#..#...#.#
##.######........###
.....((.............
.#.#####.........#
.#.######.Y....#@#
.#.........#...#Y#
Y########....[...# .##
##.####### ..# ##'##
..# ##...## ..###
##.....##
....###.......## #
..#.##.........####....


You could see an ice beast.

Vanquished Creatures
  A phantom (D:2)
  Crazy Yiuf (D:2)
  Terence (D:2)
  5 adders
  2 oozes
  An adder skeleton (D:4)
  A leopard gecko (D:1)
  6 orcs (D:3)
  A ball python (D:1)
  4 giant cockroaches
  3 goblins
  11 hobgoblins
  7 jackals
  7 kobolds
  A quokka (D:2)
  7 bats
  6 frilled lizards
  11 rats
76 creatures vanquished.

Notes
Turn   | Place    | Note
-------+----------+-------------------------------------------
     0 | Abyss:1  | Gargoyl the Centaur Abyssal Knight began the quest for the Orb.
     0 | Abyss:1  | Reached XP level 1. HP: 19/19 MP: 2/2
    64 | Abyss:2  | Noticed an iron imp
    80 | Abyss:2  | Noticed a neqoxec
    83 | Abyss:2  | Noticed a quasit
   121 | Abyss:2  | Noticed a neqoxec
   125 | Abyss:2  | Noticed a chaos spawn
   128 | Abyss:2  | Noticed a death knight
   130 | D:1      | Escaped the Abyss
   200 | D:1      | Reached * piety under Lugonu
   201 | D:1      | Reached XP level 2. HP: 21/26 MP: 3/3
   720 | D:1      | Found a sparkling altar of Nemelex Xobeh.
   746 | D:1      | Reached skill level 1 in Unarmed Combat
   747 | D:1      | Reached XP level 3. HP: 30/31 MP: 4/4
  1280 | D:2      | Noticed Terence
  1292 | D:2      | Killed Terence
  1292 | D:2      | Reached XP level 4. HP: 17/38 MP: 5/5
  1479 | D:2      | Reached ** piety under Lugonu
  1613 | D:2      | Noticed a phantom
  1658 | D:2      | Killed a phantom
  1658 | D:2      | Reached XP level 5. HP: 21/45 MP: 5/7
  2068 | D:2      | Found a runed door.
  2234 | D:2      | Noticed Crazy Yiuf
  2247 | D:2      | Paralysed by Crazy Yiuf for 4 turns
  2258 | D:2      | HP: 1/45 [Crazy Yiuf/quarterstaff of chaos (4)]
  2261 | D:2      | Killed Crazy Yiuf
  2920 | D:3      | Found a faded altar of an unknown god.
  3450 | D:3      | Reached XP level 6. HP: 52/52 MP: 8/8
  3556 | D:3      | Found a hide-covered altar of Uskayaw.
  3557 | D:3      | Found a hazy altar of Hepliaklqana.
  3681 | D:4      | Noticed an ice beast
  3742 | D:4      | Slain by an ice beast

Skill      XL: |  1  2  3  4  5 |
---------------+----------------+-----
Armour         | 2 3 |  3.3
Unarmed Combat | 1 |  1.8
Axes           | 2 |  2.9
Fighting       | |  3.6
Dodging        | |  0.7
Invocations    | |  2.8

Action                   |  1- 3 |  4- 6 || total
-------------------------+-------+-------++-------
Melee: Hand axe          |   100 |   150 ||   250
       Kick              |    21 |    27 ||    48
Throw: Javelin           |       |     3 ||     3
Invok: Depart the Abyss  |     1 |       ||     1
  Use: Scroll            |     4 |     1 ||     5
       Potion            |       |     6 ||     6
  Eat: Chunk             |       |     3 ||     3
       Ration            |       |     1 ||     1
Armor: Plate armour      |   133 |   135 ||   268
Dodge: Dodged            |    13 |    22 ||    35
